General information
			
			
        
        - name: BNet
 
        - type: Ladder team game (AT/RT)
 
        - host: Battle.net
 
        - saver: Gobiner
 
        
map: Goldshire 
        - players: 4
 
        - length: 34:15
 
        - speed: Fast
 - version: 1.22 W3XP
 - replay type:  Public
 
» download(182 KB)
Players
        team 1 (loser) 
              
              
Akron.OH (
blue | 68 APM | 2331 actions | 34:13)
              
 4 Death Knight 
 2 Death Coil
 2 Unholy Aura
 2 Lich 
 1 Frost Nova
 1 Frost Armor
 1 Dark Ranger 
 1 Black Arrow
 
                » actions 
                
                | Assign group hotkey | 182 |  | 
| Basic commands | 1 |  | 
| Build / train | 64 |  | 
| Enter build submenu | 27 |  | 
| Enter hero's abilities submenu | 8 |  | 
| Give item / drop item | 2 |  | 
| Right click | 1501 |  | 
| Select / deselect | 302 |  | 
| Select group hotkey | 160 |  | 
| Use ability | 84 |  | 
                2331 total
 » units 
                
                | Acolyte | 10 |  | 
| Ghoul | 3 |  | 
| Crypt Fiend | 12 |  | 
| Frost Wyrm | 2 |  | 
                27 total
 » upgrades
                
                | Creature Attack | 3 |  | 
| Web | 1 |  | 
| Burrow | 1 |  | 
| Creature Carapace | 3 |  | 
| Freezing Breath | 1 |  | 
                9 total
 » buildings
                
                | Crypt | 2 |  | 
| Graveyard | 1 |  | 
| Altar of Darkness | 1 |  | 
| Ziggurat | 10 |  | 
| Tomb of Relics | 1 |  | 
| Nerubian Tower | 2 |  | 
| Halls of the Dead | 1 |  | 
| Sacrificial Pit | 1 |  | 
| Black Citadel | 1 |  | 
| Spirit Tower | 5 |  | 
| Boneyard | 4 |  | 
                29 total
 » build order
                00:10 Crypt
00:20 Graveyard
00:43 Altar of Darkness
00:58 Ziggurat
01:11 Tomb of Relics
02:07 Ziggurat
03:19 Nerubian Tower
05:41 Ziggurat
06:21 Halls of the Dead
08:00 Ziggurat
09:00 Sacrificial Pit
10:36 Crypt
10:41 Ziggurat
12:15 Black Citadel
13:41 Spirit Tower
13:45 Spirit Tower
13:49 Ziggurat
13:50 Ziggurat
14:24 Spirit Tower
14:30 Ziggurat
14:48 Boneyard
14:52 Boneyard
15:09 Spirit Tower
16:13 Ziggurat
18:01 Boneyard
19:16 Boneyard
21:32 Ziggurat
22:41 Spirit Tower
26:56 Nerubian Tower
» items
                
                | Rod of Necromancy | 2 |  | 
| Dust of Appearance | 2 |  | 
| Scroll of Town Portal | 2 |  | 
| Potion of Mana | 1 |  | 
| Potion of Healing | 2 |  | 
                9 total
  
               
              
              
pwnt-kod- (
orange | 85 APM | 2880 actions | 33:53)
              
 6 Archmage 
 2 Summon Water Elemental
 3 Brilliance Aura
 1 Blizzard
 5 Paladin 
 3 Holy Light
 2 Divine Shield
 
                » actions 
                
                | Assign group hotkey | 58 |  | 
| Basic commands | 45 |  | 
| Build / train | 125 |  | 
| ESC pressed | 1 |  | 
| Enter build submenu | 33 |  | 
| Enter hero's abilities submenu | 9 |  | 
| Give item / drop item | 3 |  | 
| Remove unit from queue | 1 |  | 
| Right click | 935 |  | 
| Select / deselect | 724 |  | 
| Select group hotkey | 769 |  | 
| Use ability | 177 |  | 
                2880 total
 » units 
                
                | Peasant | 15 |  | 
| Footman | 9 |  | 
| Priest | 4 |  | 
| Rifleman | 9 |  | 
| Flying Machine | 5 |  | 
| Mortar Team | 7 |  | 
| Siege Engine | 11 |  | 
| Dragonhawk Rider | 4 |  | 
                64 total
 » upgrades
                
                | Gunpowder | 3 |  | 
| Long Rifles | 1 |  | 
| Fragmentation Shards | 1 |  | 
| Priest Training | 1 |  | 
| Masonry | 1 |  | 
| Lumber Harvesting | 2 |  | 
| Magic Sentry | 1 |  | 
| Plating | 3 |  | 
| Barrage | 1 |  | 
| Cloud | 1 |  | 
                15 total
 » buildings
                
                | Altar of Kings | 1 |  | 
| Barracks | 1 |  | 
| Farm | 10 |  | 
| Keep | 1 |  | 
| Blacksmith | 1 |  | 
| Arcane Sanctum | 1 |  | 
| Arcane Vault | 1 |  | 
| Workshop | 2 |  | 
| Town Hall | 1 |  | 
| Scout Tower | 15 |  | 
| Lumber Mill | 1 |  | 
| Arcane Tower | 1 |  | 
| Guard Tower | 9 |  | 
| Castle | 1 |  | 
| Gryphon Aviary | 1 |  | 
                47 total
 » build order
                00:06 Altar of Kings
00:19 Barracks
00:33 Farm
00:55 Farm
02:33 Keep
02:52 Farm
05:20 Blacksmith
05:22 Arcane Sanctum
05:26 Arcane Vault
05:56 Farm
06:25 Farm
06:41 Workshop
07:47 Town Hall
07:49 Scout Tower
07:49 Scout Tower
07:56 Lumber Mill
08:53 Farm
08:56 Arcane Tower
09:19 Guard Tower
10:17 Castle
10:28 Farm
12:57 Farm
13:56 Scout Tower
13:57 Scout Tower
13:58 Scout Tower
13:59 Scout Tower
14:00 Scout Tower
14:37 Guard Tower
15:18 Guard Tower
17:29 Farm
17:33 Scout Tower
17:34 Scout Tower
17:57 Workshop
18:09 Guard Tower
18:26 Scout Tower
18:28 Scout Tower
18:29 Scout Tower
19:05 Guard Tower
19:08 Scout Tower
19:10 Scout Tower
19:23 Farm
19:26 Guard Tower
19:38 Guard Tower
20:18 Scout Tower
21:24 Guard Tower
21:27 Guard Tower
23:55 Gryphon Aviary
» items
                
                | Scroll of Protection | 1 |  | 
| Scroll of Healing | 1 |  | 
| Tome of Retraining | 1 |  | 
| Scroll of Town Portal | 4 |  | 
| Potion of Lesser Invulnerability | 1 |  | 
| Boots of Speed | 1 |  | 
| Scroll of Regeneration | 3 |  | 
| Potion of Healing | 2 |  | 
                14 total
  
               team 2 (winner) 
              
              
» 
cum.2ez (
green | 128 APM | 4373 actions | 34:13)
              
 4 Archmage 
 2 Blizzard
 2 Brilliance Aura
 3 Mountain King 
 2 Storm Bolt
 1 Bash
 2 Blood Mage 
 1 Flame Strike
 1 Banish
 
                » actions 
                
                | Assign group hotkey | 54 |  | 
| Basic commands | 41 |  | 
| Build / train | 136 |  | 
| ESC pressed | 7 |  | 
| Enter build submenu | 77 |  | 
| Enter hero's abilities submenu | 10 |  | 
| Give item / drop item | 5 |  | 
| Right click | 1877 |  | 
| Select / deselect | 372 |  | 
| Select group hotkey | 1485 |  | 
| Use ability | 308 |  | 
                4373 total
 » units 
                
                | Peasant | 30 |  | 
| Goblin Shredder | 1 |  | 
| Goblin Zeppelin | 1 |  | 
| Priest | 2 |  | 
| Sorceress | 1 |  | 
| Dragonhawk Rider | 6 |  | 
                41 total
 » upgrades
                
                | Masonry | 3 |  | 
| Magic Sentry | 1 |  | 
| Lumber Harvesting | 1 |  | 
| Sorceress Training | 1 |  | 
| Priest Training | 1 |  | 
| Cloud | 1 |  | 
                8 total
 » buildings
                
                | Altar of Kings | 1 |  | 
| Farm | 5 |  | 
| Lumber Mill | 1 |  | 
| Scout Tower | 100 |  | 
| Arcane Tower | 5 |  | 
| Guard Tower | 36 |  | 
| Keep | 3 |  | 
| Arcane Vault | 1 |  | 
| Arcane Sanctum | 1 |  | 
| Castle | 1 |  | 
| Town Hall | 3 |  | 
| Gryphon Aviary | 1 |  | 
| Barracks | 1 |  | 
| Blacksmith | 1 |  | 
                160 total
 » build order
                00:08 Altar of Kings
00:25 Farm
00:38 Lumber Mill
01:02 Farm
01:09 Scout Tower
01:18 Scout Tower
01:38 Arcane Tower
01:49 Arcane Tower
01:56 Scout Tower
02:06 Scout Tower
02:21 Scout Tower
02:22 Scout Tower
02:24 Guard Tower
03:00 Guard Tower
03:01 Scout Tower
06:05 Farm
06:08 Guard Tower
06:49 Keep
06:49 Keep
06:49 Keep
06:55 Scout Tower
06:56 Scout Tower
06:57 Scout Tower
06:58 Scout Tower
07:18 Farm
07:19 Farm
07:24 Scout Tower
07:24 Scout Tower
07:25 Scout Tower
07:26 Scout Tower
07:45 Guard Tower
08:00 Scout Tower
08:01 Scout Tower
08:03 Scout Tower
08:04 Scout Tower
08:17 Arcane Tower
08:20 Guard Tower
08:54 Guard Tower
08:58 Arcane Vault
09:59 Guard Tower
10:27 Scout Tower
11:12 Guard Tower
11:13 Guard Tower
11:14 Scout Tower
11:16 Scout Tower
12:16 Arcane Sanctum
12:27 Castle
13:03 Town Hall
13:08 Town Hall
13:33 Guard Tower
13:51 Scout Tower
13:52 Scout Tower
14:34 Scout Tower
14:35 Scout Tower
15:16 Guard Tower
15:26 Scout Tower
15:26 Scout Tower
17:00 Guard Tower
17:28 Arcane Tower
18:52 Gryphon Aviary
18:56 Scout Tower
18:57 Scout Tower
18:58 Scout Tower
18:59 Scout Tower
18:59 Scout Tower
19:00 Scout Tower
21:15 Barracks
21:17 Blacksmith
21:24 Guard Tower
21:26 Scout Tower
21:26 Scout Tower
21:27 Scout Tower
21:27 Scout Tower
21:28 Scout Tower
21:28 Scout Tower
22:22 Guard Tower
22:36 Guard Tower
22:39 Scout Tower
22:40 Scout Tower
22:40 Scout Tower
22:42 Scout Tower
22:43 Scout Tower
22:46 Scout Tower
22:46 Scout Tower
23:12 Arcane Tower
23:33 Scout Tower
23:33 Scout Tower
23:34 Scout Tower
23:35 Scout Tower
23:35 Scout Tower
23:36 Scout Tower
23:36 Scout Tower
23:37 Guard Tower
24:37 Guard Tower
25:44 Scout Tower
25:45 Scout Tower
25:45 Scout Tower
25:47 Scout Tower
25:47 Scout Tower
25:48 Scout Tower
25:49 Scout Tower
25:49 Scout Tower
25:49 Scout Tower
25:50 Scout Tower
26:14 Guard Tower
26:14 Guard Tower
26:16 Scout Tower
26:17 Scout Tower
26:18 Scout Tower
26:18 Scout Tower
26:19 Scout Tower
26:21 Guard Tower
26:21 Guard Tower
26:46 Guard Tower
26:46 Guard Tower
26:48 Scout Tower
26:49 Scout Tower
26:50 Scout Tower
26:51 Scout Tower
26:51 Scout Tower
26:55 Guard Tower
26:55 Guard Tower
26:55 Guard Tower
26:59 Scout Tower
27:00 Scout Tower
27:06 Scout Tower
27:33 Guard Tower
27:39 Scout Tower
27:39 Scout Tower
27:40 Scout Tower
27:40 Scout Tower
27:41 Scout Tower
27:41 Scout Tower
27:42 Scout Tower
27:51 Scout Tower
27:52 Scout Tower
27:52 Scout Tower
27:53 Scout Tower
27:58 Guard Tower
28:32 Guard Tower
28:41 Town Hall
29:02 Scout Tower
29:03 Scout Tower
29:12 Guard Tower
29:30 Guard Tower
29:30 Guard Tower
30:25 Guard Tower
30:33 Scout Tower
30:34 Scout Tower
30:37 Scout Tower
30:37 Scout Tower
30:38 Scout Tower
30:39 Scout Tower
31:37 Guard Tower
32:09 Scout Tower
32:10 Scout Tower
32:11 Scout Tower
» items
                
                | Boots of Speed | 3 |  | 
| Staff of Teleportation | 3 |  | 
| Potion of Invisibility | 1 |  | 
| Dust of Appearance | 1 |  | 
| Potion of Healing | 1 |  | 
| Orb of Lightning | 4 |  | 
| Lesser Clarity Potion | 6 |  | 
| Healing Salve | 2 |  | 
| Scroll of Speed | 1 |  | 
| Staff of Sanctuary | 5 |  | 
| Circlet of Nobility | 2 |  | 
                29 total
  
               
              
              
Gobiner (
purple | 46 APM | 1578 actions | 34:15)
              
 6 Blademaster 
 3 Wind Walk
 2 Critical Strike
 1 Bladestorm
 
                » actions 
                
                | Assign group hotkey | 12 |  | 
| Basic commands | 6 |  | 
| Build / train | 91 |  | 
| Enter build submenu | 48 |  | 
| Enter hero's abilities submenu | 6 |  | 
| Give item / drop item | 4 |  | 
| Right click | 678 |  | 
| Select / deselect | 190 |  | 
| Select group hotkey | 358 |  | 
| Use ability | 185 |  | 
                1578 total
 » units 
                » upgrades
                
                | Liquid Fire | 1 |  | 
| Ranged Weapons | 3 |  | 
| Armor | 3 |  | 
| Troll Regeneration | 1 |  | 
| Burning Oil | 1 |  | 
| Spiked Barricades | 1 |  | 
                10 total
 » buildings
                
                | Altar of Storms | 1 |  | 
| Orc Burrow | 4 |  | 
| War Mill | 1 |  | 
| Voodoo Lounge | 1 |  | 
| Watch Tower | 45 |  | 
| Stronghold | 1 |  | 
| Fortress | 1 |  | 
| Beastiary | 2 |  | 
| Barracks | 1 |  | 
                57 total
 » build order
                00:09 Altar of Storms
00:16 Orc Burrow
00:30 War Mill
01:29 Voodoo Lounge
01:58 Orc Burrow
02:40 Watch Tower
03:06 Watch Tower
03:35 Watch Tower
03:39 Watch Tower
04:22 Stronghold
04:34 Watch Tower
05:33 Watch Tower
05:47 Orc Burrow
05:51 Orc Burrow
06:10 Watch Tower
06:44 Fortress
06:50 Watch Tower
07:07 Beastiary
07:22 Beastiary
07:31 Watch Tower
07:56 Watch Tower
08:41 Watch Tower
09:23 Watch Tower
10:01 Watch Tower
10:19 Watch Tower
10:26 Watch Tower
11:32 Watch Tower
12:17 Watch Tower
12:18 Watch Tower
12:54 Watch Tower
16:44 Watch Tower
16:45 Watch Tower
17:23 Barracks
17:34 Watch Tower
17:36 Watch Tower
17:51 Watch Tower
17:52 Watch Tower
19:18 Watch Tower
19:18 Watch Tower
19:19 Watch Tower
19:20 Watch Tower
21:38 Watch Tower
21:38 Watch Tower
21:54 Watch Tower
23:46 Watch Tower
23:47 Watch Tower
23:48 Watch Tower
24:41 Watch Tower
24:44 Watch Tower
30:27 Watch Tower
30:29 Watch Tower
30:29 Watch Tower
30:30 Watch Tower
30:31 Watch Tower
30:32 Watch Tower
30:32 Watch Tower
30:34 Watch Tower
» items
                
                | Lesser Clarity Potion | 9 |  | 
| Healing Salve | 8 |  | 
| Boots of Speed | 1 |  | 
| Staff of Teleportation | 1 |  | 
| Orb of Lightning | 1 |  | 
| Potion of Mana | 1 |  | 
                21 total
  
                Chat log
          
(02:18 / All) Gobiner: gl hf
(21:37 / All) Akron.OH: just leave
(21:40 / All) cum.2ez: ? ? 
(21:45 / All) Akron.OH: u lost
(21:49 / All) Gobiner: manner plz
(21:50 / All) cum.2ez: i know
(22:00 / All) pwnt-kod-: you don't get manner when you use faggotry like this =/
(22:18 / All) cum.2ez: see the longer u have to play this
(22:20 / All) cum.2ez: the more i win
(22:28 / All) pwnt-kod-: really? you have to play it too ^^
(22:32 / All) cum.2ez: get to
(24:06 / All) cum.2ez: thats alot of tank
(28:32 / All) pwnt-kod-: this is fucking pathetic
(28:36 / All) cum.2ez: u guys
(28:36 / All) cum.2ez: lose
(28:37 / All) cum.2ez: lmao.
(28:59 / All) Gobiner: pathetic...
(29:03 / All) cum.2ez: 2ez
(29:04 / All) cum.2ez: nubs
(29:08 / All) pwnt-kod-: if you're horrible, why do you even bother playing? abusing this stupid shit just to waste people's time is a joke
(29:19 / All) cum.2ez: actually im just like youy
(29:21 / All) Gobiner: ur the joke
(29:22 / All) cum.2ez: im here to win
(29:27 / All) cum.2ez: too bad you are terrible
(29:34 / All) pwnt-kod-: but you apparently can't win through anything involving skill
(29:42 / All) cum.2ez: kill my hero then talk
(29:51 / All) pwnt-kod-: so you mass towers and try to win by abusing tournament scoring
(29:55 / All) cum.2ez: gotta be tough to kill hero
(30:04 / All) cum.2ez: i mean u got like 100 food and dk lich orb
(30:07 / All) pwnt-kod-: behind a wall of towers?
(30:09 / All) cum.2ez: kill my hero then talk K?
(30:16 / All) cum.2ez: im pretty sure i just made u tp 3 times
(30:19 / All) cum.2ez: in ur own base
(30:20 / All) cum.2ez: nub
(30:23 / All) pwnt-kod-: takes skill
(30:26 / All) pwnt-kod-: to storm bolt and right click
(30:27 / All) cum.2ez: no it doesnt
(30:30 / All) cum.2ez: not vs a noob like you
(30:38 / All) pwnt-kod-: 50%, right?
(30:40 / All) pwnt-kod-: that's my guess
(30:41 / All) pwnt-kod-: maybe 48
(30:55 / All) cum.2ez: i think u make me 50% now
(31:01 / All) cum.2ez: 2-2 ^^
(31:12 / All) cum.2ez: im like 30-2 on a 3s team doing this fyi
(31:18 / All) cum.2ez: dont worry u arent the only noob
(31:23 / All) pwnt-kod-: because people aren't willing to waste hours beating it
(31:31 / All) cum.2ez: it doesnt take hours'
(31:38 / All) pwnt-kod-: if it wasn't a tourney game with a time limit i would've left by now
(31:46 / All) pwnt-kod-: as it is, i'll take the draw just so you faggots can't win
(31:50 / All) cum.2ez: lol
(32:03 / All) cum.2ez: well we see
(32:05 / All) cum.2ez: who has higher score
(32:09 / All) Gobiner: we get win by pumping 200 food 5 minutes before
(32:23 / All) pwnt-kod-: i'm sure
(32:45 / All) cum.2ez: nice expo
(33:21 / All) cum.2ez: hi
(33:59 / All) cum.2ez: lmao
(33:59 / All) cum.2ez: 2ez
(34:09 / All) Gobiner: bye noobs
(34:11 / All) Akron.OH: we r banning u